 Dungeon Crawl Stone Soup version 0.31-a0-1178-gc5c9b8f871 (webtiles) character file.

Game seed: 12231238132710129462

99 qw the Shooter (level 4, -2/28 HPs)
             Began as a Gargoyle Hunter on Dec 11, 2023.
             Slain by a gnoll
             ... wielding a +0 halberd
              (7 damage)
             ... on level 4 of the Dungeon.
             The game lasted 00:00:43 (1944 turns).

qw the Shooter (Gargoyle Hunter)                    Turns: 1944, Time: 00:00:43

Health: -2/28      AC: 10    Str: 14    XL:     4   Next: 72%
Magic:  4/4        EV: 10    Int: 10    God:
Gold:   184        SH:  0    Dex: 15    Spells: 3/3 levels left

rFire   . . .        a - +0 shortbow
rCold   . . .        (shield currently unavailable)
rNeg    + . .        d - +0 ring mail
rPois   inf          (no helmet)
rElec   +            (no cloak)
rCorr   .            c - +0 pair of gloves
SInv    .            e - +0 pair of boots
Will    .....        (no amulet)
Stlth   +            (no ring)
HPRegen 0.24/turn    (no ring)
MPRegen 0.09/turn

%: no passive effects
@: no status effects
A: sickness immunity, AC +3, negative energy resistance 1, electricity
resistance, torment resistance 1, petrification resistance, mutation resistance
1
a: no special abilities


You were on level 4 of the Dungeon.
You visited 1 branch of the dungeon, and saw 4 of its levels.

You collected 184 gold pieces.


Innate Abilities, Weirdness & Mutations

You are immune to sickness and miasma.
Your stone body is resilient. (AC +3)
You are immune to poison.
You resist negative energy. (rN+)
You are resistant to electric shocks. (rElec)
You are resistant to unholy torment.
You are immune to petrification.
You are somewhat resistant to further mutation.


   Skills:
 - Level 3.1 Fighting
 + Level 5.4 Ranged Weapons
 - Level 1.0 Armour
 - Level 1.5 Dodging
 - Level 1.1 Stealth


You had 3 spell levels left.
You didn't know any spells.
Your spell library was empty.

Inventory:

Hand Weapons
 a - a +0 shortbow (weapon)
Armour
 c - a +0 pair of gloves (worn)
 d - a +0 ring mail (worn)
 e - a +0 pair of boots (worn)
Wands
 b - a wand of iceblast (9)
 j - a wand of polymorph (5)
Potions
 g - a potion of resistance
 i - a potion of cancellation {unknown}
 k - a potion of magic {unknown}

Dungeon Overview and Level Annotations

Branches:
Dungeon (4/15)
 Temple: D:4-7

Altars:


Message History

You shoot an arrow. The arrow hits the gnoll.
The gnoll is lightly wounded.
The gnoll hits you but does no damage.
You shoot an arrow.
The arrow hits the gnoll but does no damage.
The gnoll is lightly wounded.
The gnoll closely misses you.
You shoot an arrow.
The arrow hits the gnoll but does no damage.
The gnoll is lightly wounded.
A gnoll comes into view. It is wielding a +0 whip.
The gnoll barely misses you.
Enter note:
Enter note:
1938 ||| Stepping ~*~*~tactically~*~*~ (retreating).
The gnoll attacks as it pursues you! The gnoll hits you with a +0 flail.
You shoot an arrow.
The arrow hits the gnoll but does no damage.
The gnoll is lightly wounded.
The gnoll barely misses you.
The gnoll hits you but does no damage. x2
You shoot an arrow. The arrow hits the gnoll.
The gnoll is moderately wounded.
The gnoll hits you from afar with a +0 halberd.
The gnoll hits you with a +0 flail.
You shoot an arrow. The arrow barely misses the gnoll.
The gnoll hits you from afar with a +0 halberd.
The gnoll hits you with a +0 flail.
1942 ||| DRINKING viscous blue potion.
It was a potion of curing.
You feel better. The gnoll closely misses you. The gnoll misses you.
You shoot an arrow. The arrow hits the gnoll!
The gnoll is severely wounded.
The gnoll hits you from afar with a +0 halberd.
The gnoll hits you with a +0 flail.
1944 ||| DRINKING bubbling clear potion.
It was a potion of mutation.
You feel extremely strange.
You feel more energetic.
You feel less energetic.
You feel genetically stable. The gnoll hits you but does no damage.
The gnoll hits you from afar with a +0 halberd!
You die...

#.............#
#.............#
#.............# # .
#.............####.#
g.#..................
..'..............>#
#.............#.#
#...g.........+.. #.#
#....g@.......#.# #.#
+.............#.# #.#
#.............#.# #.#
###...###+#'###.# #.#
#...# #.#.# #.# #.#
#...# #.#.###.####.#
.?..+ #............##
.....+##+#............
.........##.####...


You could see 2 gnolls.

Vanquished Creatures
  2 gnolls
  3 adders
  3 worms
  A dart slug (D:3)
  An orc (D:3)
  A ball python (D:2)
  2 endoplasms
  2 giant cockroaches
  4 goblins
  4 hobgoblins
  3 jackals (D:1)
  2 quokkas
  7 bats
  5 frilled lizards
  2 kobolds
  2 rats
44 creatures vanquished.

Notes
Turn   | Place    | Note
-------+----------+-------------------------------------------
     0 | D:1      | qw the Gargoyle Hunter began the quest for the Orb.
     0 | D:1      | Reached XP level 1. HP: 12/12 MP: 1/1
     0 | D:1      | 0 ||| qw: Version: 0.3-a-106-g2cfff9e
     0 | D:1      | 0 ||| qw: Game counter: 2029
     0 | D:1      | 0 ||| qw: Melee chars always use a shield: true
     0 | D:1      | 0 ||| qw: God list: Okawaru
     0 | D:1      | 0 ||| qw: Allow faded altars: false
     0 | D:1      | 0 ||| qw: Do Orc after clearing Dungeon:15 true
     0 | D:1      | 0 ||| qw: Do second Lair branch before Depths: true
     0 | D:1      | 0 ||| qw: Lair rune preference: random
     0 | D:1      | 0 ||| qw: Goals: Normal, Save, Zot:1-4, Win
     0 | D:1      | 0 ||| PLANNING D:1-11
   203 | D:1      | Reached XP level 2. HP: 17/17 MP: 2/2
   682 | D:1      | Reached XP level 3. HP: 16/21 MP: 3/3
   770 | D:1      | 770 ||| UPGRADING to +0 ring mail.
   780 | D:1      | 780 ||| DROPPING +0 leather armour.
   781 | D:1      | 781 ||| UPGRADING to +0 pair of boots.
   786 | D:1      | 786 ||| READING scroll labelled TYLYUJ UXANYBB.
   787 | D:1      | 787 ||| READING scroll labelled QOOSHA KUWK.
   788 | D:1      | 788 ||| DROPPING scroll of butterflies.
   910 | D:2      | Reached skill level 1 in Armour
   956 | D:2      | Reached skill level 5 in Ranged Weapons
  1152 | D:2      | 1152 ||| UPGRADING to +0 pair of gloves.
  1157 | D:2      | 1157 ||| READING scroll labelled LOODEO HIJIXILOES.
  1157 | D:2      | 1157 ||| IDENTIFYING sapphire potion
  1158 | D:2      | 1158 ||| DROPPING potion of degeneration.
  1211 | D:3      | Reached skill level 3 in Fighting
  1211 | D:3      | Reached XP level 4. HP: 25/28 MP: 4/4
  1851 | D:3      | 1851 ||| READING scroll of identify.
  1851 | D:3      | 1851 ||| IDENTIFYING gluggy clear potion
  1852 | D:3      | 1852 ||| READING 2 scrolls labelled NOACKIEZIFI.
  1853 | D:3      | 1853 ||| DROPPING scroll of blinking.
  1938 | D:4      | 1938 ||| Stepping ~*~*~tactically~*~*~ (retreating).
  1941 | D:4      | HP: 4/28 [gnoll/+0 flail (5)]
  1942 | D:4      | 1942 ||| DRINKING viscous blue potion.
  1944 | D:4      | 1944 ||| DRINKING bubbling clear potion.
  1944 | D:4      | Gained mutation: You have an increased reservoir of magic.
                  | (+10% MP) [potion of mutation]
  1944 | D:4      | Lost mutation: You have an increased reservoir of magic.
                  | (+10% MP) [potion of mutation]
  1944 | D:4      | Gained mutation: You are somewhat resistant to further
                  | mutation. [potion of mutation]
  1944 | D:4      | Slain by a gnoll

Levels and vault maps discovered:
D:1:      dpeg_arrival_brainrot, layout_basic
D:2:      layout_rooms
D:3:      layout_basic
D:4:      layout_basic, mainiacjoe_overflow_surrounded_room

Skill      XL: |  1  2  3 |
---------------+----------+-----
Armour         | 1 |  1.0
Ranged Weapons | 5 |  5.4
Fighting       | 3 |  3.1
Dodging        | |  1.5
Stealth        | |  1.1

Action                     |  1- 3 |  4- 6 || total
---------------------------+-------+-------++-------
   Fire: Shortbow          |   106 |    47 ||   153
    Use: Scroll            |     3 |     2 ||     5
         Potion            |       |     2 ||     2
 Armour: Leather armour    |    13 |       ||    13
         Ring mail         |    23 |    17 ||    40
  Dodge: Dodged            |    34 |     7 ||    41

Table legend:
 A = Non-vault XP
 B = Vault XP
 C = Vault XP percentage of total XP
 D = Non-vault monster count
 E = Vault monster count
 F = Vault count percentage of total count
                 A         B        C        D         E       F
            +---------+---------+-------+---------+---------+-------
      Total |     137 |       5 |   3.5 |      43 |       1 |   2.3
            +---------+---------+-------+---------+---------+-------
        D:1 |      32 |       5 |  13.5 |      13 |       1 |   7.1
        D:2 |      34 |       0 |   0.0 |      12 |       0 |   0.0
        D:3 |      57 |       0 |   0.0 |      17 |       0 |   0.0
        D:4 |      14 |       0 |   0.0 |       1 |       0 |   0.0
            +---------+---------+-------+---------+---------+-------
